 Dungeon Crawl Stone Soup version 0.31-a0-246-g8cbcc1cb85 (webtiles) character file.

Game seed: 844093181630852517

70 qw the Shooter (level 4, 0/26 HPs)
             Began as a Gargoyle Hexslinger on July 12, 2023.
             Slain by a gnoll
             ... wielding a +0 spear
              (2 damage)
             ... on level 2 of the Dungeon.
             The game lasted 00:00:38 (1235 turns).

qw the Shooter (Gargoyle Hexslinger)                Turns: 1235, Time: 00:00:38

Health: 0/26       AC:  8    Str: 12    XL:     4   Next: 21%
Magic:  5/5        EV:  5    Int: 13    God:
Gold:   70         SH:  0    Dex: 14    Spells: 4/5 levels left

rFire   . . .        Y - +1 sling
rCold   . . .        (no shield)
rNeg    + . .        h - +0 ring mail
rPois   inf          (no helmet)
rElec   +            (no cloak)
rCorr   .            (no gloves)
SInv    .            (no boots)
Will    .....        (no amulet)
Stlth   +            (no ring)
HPRegen 0.24/turn    (no ring)
MPRegen 0.09/turn

%: no passive effects
@: held
A: sickness immunity, AC +3, negative energy resistance 1, electricity
resistance, torment resistance 1, petrification resistance
a: no special abilities


You were on level 2 of the Dungeon.
You visited 1 branch of the dungeon, and saw 2 of its levels.

You collected 70 gold pieces.


Innate Abilities, Weirdness & Mutations

You are immune to sickness and miasma.
Your stone body is resilient. (AC +3)
You are immune to poison.
You resist negative energy. (rN+)
You are resistant to electric shocks. (rElec)
You are resistant to unholy torment.
You are immune to petrification.


   Skills:
 - Level 2.0 Fighting
 - Level 4.0 Ranged Weapons
 + Level 0.3 Armour
 - Level 1.5 Dodging
 - Level 1.0 Spellcasting
 - Level 2.6 Hexes


You had 4 spell levels left.
You knew the following spells:

 Your Spells              Type           Power      Damage    Failure   Level
a - Slow                  Hex            28%        N/A       22%         1

Your spell library contained the following spells:

 Spells                   Type           Power      Damage    Failure   Level
 Inner Flame              Hex/Fire       4%         N/A       73%         3
 Portal Projectile        Hex/Tloc       8%         N/A       73%         3
 Cause Fear               Hex            3%         N/A       91%         4

Inventory:

Hand Weapons
 Y - a +1 sling (weapon)
Armour
 a - a +1 hat
 h - a +0 ring mail (worn)
Scrolls
 b - a scroll of immolation {unknown}
 e - a scroll of revelation {unknown}
Potions
 c - a potion of berserk rage {unknown}
 d - a potion of haste {unknown}
 f - a potion of lignification {unknown}
 i - a potion of heal wounds {unknown}
 k - a potion of enlightenment {unknown}

Dungeon Overview and Level Annotations

Branches:
Dungeon (2/15)

Altars:


Message History

Enter note:
Enter note:
Enter note: You shoot a sling bullet.
The gnoll shouts! x2
The sling bullet hits the bat but does no damage.
You hear an angry hiss.
The bat hits you but does no damage.
A gnoll comes into view. It is wielding a +0 halberd.
The gnoll moves out of view.
You shoot a sling bullet. The sling bullet hits the bat.
You kill the bat!
You hear a shout!
You shoot a sling bullet. The sling bullet hits the gnoll.
The gnoll is heavily wounded.
You shoot a sling bullet.
The sling bullet closely misses the gnoll.
The sling bullet hits the gnoll.
The gnoll is heavily wounded.
You shoot a sling bullet. The sling bullet hits the gnoll.
The gnoll is heavily wounded.
The gnoll barely misses you. The gnoll hits you but does no damage.
The gnoll misses you.
You shoot a sling bullet.
The sling bullet closely misses the gnoll.
The gnoll hits you from afar with a +0 spear.
The gnoll hits you with a +0 whip. The gnoll misses you.
The gnoll closely misses you.
You shoot a sling bullet. The sling bullet hits the gnoll.
The gnoll is severely wounded.
The gnoll throws a throwing net.
The throwing net hits you.
You become entangled in the net!
The gnoll hits you with a +0 whip.
The gnoll hits you from afar with a +0 halberd.
The gnoll hits you from afar with a +0 spear.
You struggle against the net.
The gnoll hits you with a +0 whip.
The gnoll hits you but does no damage. x3
You struggle against the net.
The gnoll hits you but does no damage.
The gnoll hits you from afar with a +0 spear. x2
You die...

####...........
####.
#........######
#. ####
#.#####.## #.
.... #.### #.#
#. ####
.....##)## #.
#......#####..
##
#.#..#..........
#........#####..
###.###@g# ..
#..# ##


ggg# ##.## ... .(. ... ..... You could see 4 gnolls.

Vanquished Creatures
  2 adders (D:2)
  2 ball pythons
  6 endoplasms
  A giant cockroach (D:1)
  3 hobgoblins (D:1)
  10 jackals
  5 kobolds
  2 quokkas (D:1)
  7 bats
  3 goblins
  2 rats (D:1)
43 creatures vanquished.

Notes
Turn   | Place    | Note
-------+----------+-------------------------------------------
     0 | D:1      | qw the Gargoyle Hexslinger began the quest for the Orb.
     0 | D:1      | Reached XP level 1. HP: 12/12 MP: 2/2
     0 | D:1      | 0 ||| qw: Version: 0.3-a-52-g30416fa
     0 | D:1      | 0 ||| qw: Game counter: 6264
     0 | D:1      | 0 ||| qw: Melee chars always use a shield: true
     0 | D:1      | 0 ||| qw: God list: Okawaru
     0 | D:1      | 0 ||| qw: Allow faded altars: false
     0 | D:1      | 0 ||| qw: Do Orc after clearing Dungeon:15 true
     0 | D:1      | 0 ||| qw: Do second Lair branch before Depths: true
     0 | D:1      | 0 ||| qw: Lair rune preference: random
     0 | D:1      | 0 ||| qw: Goals: Normal
     0 | D:1      | 0 ||| PLANNING D:1-11
    78 | D:1      | Reached XP level 2. HP: 16/16 MP: 3/3
   107 | D:1      | Reached skill level 3 in Ranged Weapons
   421 | D:1      | Reached XP level 3. HP: 21/21 MP: 4/4
   740 | D:1      | 740 ||| DROPPING scarf of invisibility.
   741 | D:1      | 741 ||| UPGRADING to +0 ring mail.
   751 | D:1      | 751 ||| DROPPING +0 robe.
   752 | D:1      | 752 ||| READING scroll labelled LOTTOR WUBLYO.
   753 | D:1      | 753 ||| READING scroll labelled TEMIRGH QILAY.
   754 | D:1      | 754 ||| DROPPING scroll of poison.
   887 | D:2      | 887 ||| STAIRDANCE
  1069 | D:2      | Reached XP level 4. HP: 26/26 MP: 5/5
  1179 | D:2      | Reached skill level 4 in Ranged Weapons
  1234 | D:2      | HP: 6/26 [gnoll/+0 whip (2)]
  1235 | D:2      | HP: 2/26 [gnoll/+0 spear (4)]
  1235 | D:2      | Slain by a gnoll

Levels and vault maps discovered:
D:1:      elethiomel_arrival_maze, layout_basic, nicolae_the_louvre
D:2:      layout_loops_cross

Skill      XL: |  1  2  3  4 |
---------------+-------------+-----
Ranged Weapons | 3 4 |  4.0
Fighting       | 2 |  2.0
Armour         | |  0.3
Dodging        | |  1.5
Spellcasting   | |  1.0
Hexes          | |  2.6

Action                     |  1- 3 |  4- 6 || total
---------------------------+-------+-------++-------
   Fire: Sling             |   144 |    19 ||   163
    Use: Scroll            |     2 |       ||     2
 Armour: Robe              |    25 |       ||    25
         Ring mail         |    32 |    12 ||    44
  Dodge: Dodged            |    68 |     8 ||    76

Table legend:
 A = Non-vault XP
 B = Vault XP
 C = Vault XP percentage of total XP
 D = Non-vault monster count
 E = Vault monster count
 F = Vault count percentage of total count
                 A         B        C        D         E       F
            +---------+---------+-------+---------+---------+-------
      Total |     100 |       0 |   0.0 |      43 |       0 |   0.0
            +---------+---------+-------+---------+---------+-------
        D:1 |      53 |       0 |   0.0 |      30 |       0 |   0.0
        D:2 |      47 |       0 |   0.0 |      13 |       0 |   0.0
            +---------+---------+-------+---------+---------+-------
